 Dungeon Crawl Stone Soup version 0.30.0-29-ga12c61a403 (webtiles) character file.

Game seed: 55013611975811972

2272 Fodor the Protected (level 9, -2/78 HPs)
             Began as a Minotaur Fighter on June 9, 2023.
             Was an Elder of Qazlal.
             Killed from afar by a pearl dragon (26 damage)
             ... with a blast of cleansing flame
             ... on level 1 of the Abyss.
             The game lasted 00:30:55 (4855 turns).

Fodor the Protected (Minotaur Fighter)              Turns: 4855, Time: 00:30:56

Health: -2/78      AC: 10    Str: 28    XL:     9   Next: 16%
Magic:  2/2        EV: 10    Int:  5    God:    Qazlal [****..]
Gold:   280        SH: 11    Dex: 19    Spells: 8/8 levels left

rFire   . . .        y - +5 flail (antimagic)
rCold   . . .        c - +0 buckler
rNeg    . . .        C - +0 chain mail
rPois   .            (helmet restricted)
rElec   .            (no cloak)
rCorr   .            (no gloves)
SInv    .            (no boots)
Will    .....        (no amulet) Stlth
                     m - +6 ring of strength
HPRegen 0.33/turn    r - +6 ring of dexterity
MPRegen 0.08/turn

%: repel missiles
@: no status effects
A: horns 2, retaliatory headbutt
a: Renounce Religion, Upheaval, Elemental Force


You were on level 1 of the Abyss.
You worshipped Qazlal.
Qazlal was greatly pleased with you.
You visited 1 branch of the dungeon, and saw 5 of its levels.
You visited the Abyss 1 time.
You also visited: Sewer.

You collected 280 gold pieces.

Inventory:

Hand Weapons
 o - a +3 hand axe of venom
 q - a +1 falchion of holy wrath
 y - a +5 antimagic flail (weapon)
 E - a +4 quarterstaff of chaos
Missiles
 g - 76 stones
 D - a javelin (quivered)
 I - a curare-tipped dart
 J - 6 atropa-tipped darts
Armour
 c - a +0 buckler (worn)
 C - a +0 chain mail (worn)
Jewellery
 b - an amulet of faith
 m - a +6 ring of strength (left hand)
 r - a +6 ring of dexterity (right hand)
 v - a ring of fire
 x - a ring of positive energy
 F - a ring of ice
Wands
 H - a wand of roots (12)
Scrolls
 e - 2 scrolls of brand weapon
 j - 3 scrolls of fog
 l - a scroll of amnesia
 p - 4 scrolls of vulnerability
 u - 2 scrolls of noise
 w - 2 scrolls of fear
 K - a scroll of enchant weapon
 L - 2 scrolls of immolation
Potions
 d - a potion of might
 f - 3 potions of brilliance
 h - 2 potions of heal wounds {unknown}
 i - a potion of berserk rage {unknown}
 k - a potion of attraction {unknown}
 n - a potion of curing
 s - a potion of flight {unknown}
 t - 4 potions of lignification {unknown}
 z - a potion of haste {unknown}
 A - a potion of degeneration {unknown}
 B - a potion of mutation {unknown}


   Skills:
 + Level 6.4 Fighting
 + Level 3.8 Long Blades
 + Level 4.8(6.4) Axes
 + Level 6.6(7.3) Maces & Flails
 + Level 8.0 Armour
 + Level 3.0 Dodging
 + Level 0.4 Stealth
 + Level 7.2 Shields


You had 8 spell levels left.
You didn't know any spells.
Your spell library contained the following spells:

 Spells                   Type           Power      Damage    Failure   Level
 Magic Dart               Conj           0%         1d3       93%         1
 Shock                    Conj/Air       0%         1d3       93%         1
 Swiftness                Air            0%         N/A       100%        3
 Airstrike                Air            0%         2d(0-16)  100%        4
 Ice Form                 Ice/Tmut       0%         N/A       100%        4
 Manifold Assault         Tloc           0%         N/A       100%        4
 Fireball                 Conj/Fire      0%         3d3       100%        5
 Summon Forest            Summ/Tloc      0%         N/A       100%        5
 Summon Mana Viper        Hex/Summ       0%         N/A       100%        5
 Conjure Ball Lightning   Conj/Air       0%         3x3d6     100%        6
 Dispersal                Tloc           0%         N/A       100%        6
 Summon Cactus Giant      Summ           0%         N/A       100%        6
 Disjunction              Tloc           0%         N/A       100%        8


Dungeon Overview and Level Annotations

Branches:
Dungeon (5/15)             Temple (0/1) D:4           Sewer (visited)

Altars:
Qazlal

Shops:
D:1 [

Portals:
Abyss: D:5

Annotations:
D:5 1 transporter


Innate Abilities, Weirdness & Mutations

You have a pair of horns on your head.
You reflexively headbutt those who attack you in melee.


Message History

You thump the pearl dragon! Your headbutt misses the pearl dragon.
The pearl dragon is lightly wounded.
The pearl dragon is engulfed in a thunderstorm.
The pearl dragon bites you! The pearl dragon claws you!
You miss the pearl dragon.
You headbutt the pearl dragon, but do no damage.
The pearl dragon is moderately wounded.
You hear a bark!
The pearl dragon is engulfed in a thunderstorm.
The pearl dragon breathes cleansing flame at you.
The blast of cleansing flame engulfs you.
The pearl dragon is engulfed in a thunderstorm.
The pearl dragon bites you but does no damage.
The pearl dragon claws you.
You miss the pearl dragon.
The pearl dragon is severely wounded.
You hear a bark!
The pearl dragon is engulfed in a thunderstorm.
The pearl dragon bites you!
* * * LOW HITPOINT WARNING * * *
The pearl dragon closely misses you.
Blink to where?
Press: ? - help, Dir - move target
As you read the scroll of blinking, it crumbles to dust.
You hear a bark!
Throw: 3 javelins
Press: ? - help, Q - select action, (/) - cycle Shift-Dir - straight line, f - pearl dragon
Aim: a pearl dragon (almost dead, 48% to hit)
You throw a javelin.
The javelin barely misses the pearl dragon.
Throw: 2 javelins
Press: ? - help, Q - select action, (/) - cycle Shift-Dir - straight line, f/p - pearl dragon
Aim: a pearl dragon (almost dead, 48% to hit)
You throw a javelin. The javelin misses the pearl dragon.
A raiju comes into view.
You barely miss the pearl dragon.
The pearl dragon is almost dead.
The pearl dragon breathes cleansing flame at you.
The blast of cleansing flame engulfs you!!
You die...

...## ..#
...#...##..# .# .. .
...#.#####....... #
.. #...# #
.#.#...#..#..##.....
..#.#..##..#..#h...(.
.#.# .#. #. #.....
#.##..##(..## . .#
#.#.##..#...........#
. .#
.#..#...#..○...§....#
...... .#.....# .§.
... # ###....# #.@D.#
....#.# #.#...#.#○..#
.. ...# #.#...#.#..##
......# ....... .###
###.... ......#.#
##.. . .#... .. #....
####


You could see a pearl dragon (catching breath) and a raiju.

Vanquished Creatures
  The ghost of Xororoh the Chopper, a novice OgFi (D:5)
  Edmund (D:4)
  2 ice beasts (D:5)
  An orc warrior (D:5)
  A black bear (D:4)
  2 ogres (D:5)
  A phantom (D:5)
  A kobold brigand (D:5)
  Blork the orc (D:4)
  2 bullfrogs (Sewer)
  A scorpion (D:5)
  A howler monkey (D:5)
  The ghost of hawla the Firebug, a weakling DEFE (D:3)
  A jelly (D:5)
  2 quasits (D:3)
  2 orc priests
  Crazy Yiuf (D:4)
  An iron imp (D:5)
  Natasha (thrice) (D:3)
  An iguana (D:5)
  4 orc wizards
  5 adders
  A river rat (D:3)
  A shadow imp (D:5)
  3 ufetubi
  4 worms
  A dart slug (D:1)
  18 orcs
  8 bats
  8 endoplasms
  10 giant cockroaches
  6 goblins
  5 hobgoblins
  5 jackals
  8 quokkas
  8 ball pythons
  14 frilled lizards
  12 kobolds
  4 rats
152 creatures vanquished.

Notes
Turn   | Place    | Note
-------+----------+-------------------------------------------
     0 | D:1      | Fodor the Minotaur Fighter began the quest for the Orb.
     0 | D:1      | Reached XP level 1. HP: 19/19 MP: 0/0
   100 | D:1      | Found Xofuf's Antique Armour Emporium.
   174 | D:1      | Reached XP level 2. HP: 25/27 MP: 1/1
   426 | D:1      | Found a faded altar of an unknown god.
   437 | D:1      | Prayed at the altar of an unknown god.
   437 | D:1      | Became a worshipper of Qazlal Stormbringer
   437 | D:1      | Reached * piety under Qazlal
   629 | D:2      | Reached XP level 3. HP: 33/33 MP: 2/2
   663 | D:2      | Reached skill level 4 in Armour
  1162 | D:2      | You fall into a shaft and drop 2 floors!
  1258 | D:3      | Reached ** piety under Qazlal
  1265 | D:3      | Reached XP level 4. HP: 34/41 MP: 3/3
  1278 | D:3      | Found a glowing drain.
  1283 | Sewer    | Entered a sewer
  1372 | Sewer    | Reached skill level 1 in Axes
  1480 | Sewer    | Noticed a bullfrog
  1482 | Sewer    | Noticed a bullfrog
  1486 | Sewer    | Killed a bullfrog
  1486 | Sewer    | Killed a bullfrog
  1487 | Sewer    | Reached skill level 1 in Dodging
  1487 | Sewer    | Reached XP level 5. HP: 40/47 MP: 4/4
  1490 | Sewer    | Got Sif Muna's Excursus on Transformation and Blows
  1954 | D:3      | Found a transporter.
  1957 | D:3      | Noticed hawla's ghost (weakling DEFE)
  1961 | D:3      | Found a transporter.
  1967 | D:3      | Reached skill level 5 in Armour
  1967 | D:3      | Reached XP level 6. HP: 52/53 MP: 5/5
  1973 | D:3      | Killed hawla's ghost
  1974 | D:3      | Reached skill level 5 in Shields
  2187 | D:2      | Reached *** piety under Qazlal
  2790 | D:3      | Noticed Natasha
  2797 | D:3      | Killed Natasha
  2848 | D:3      | Noticed Natasha
  2854 | D:3      | Killed Natasha
  2915 | D:3      | Noticed Natasha
  2922 | D:3      | Killed Natasha
  3330 | D:4      | Noticed Edmund
  3340 | D:4      | Killed Edmund
  3341 | D:4      | Reached skill level 5 in Fighting
  3341 | D:4      | Reached XP level 7. HP: 33/61 MP: 0/6
  3577 | D:4      | Found a staircase to the Ecumenical Temple.
  3619 | D:4      | Found a runed translucent door.
  3620 | D:4      | Noticed Crazy Yiuf
  3629 | D:4      | Killed Crazy Yiuf
  3630 | D:4      | Reached skill level 1 in Maces & Flails
  3686 | D:4      | Reached skill level 6 in Armour
  3690 | D:4      | Noticed Blork the orc
  3702 | D:4      | Killed Blork the orc
  4066 | D:5      | Entered Level 5 of the Dungeon
  4085 | D:5      | Reached XP level 8. HP: 29/69 MP: 2/7
  4100 | D:5      | Reached **** piety under Qazlal
  4123 | D:5      | Reached skill level 7 in Armour
  4137 | D:5      | Reached skill level 5 in Maces & Flails
  4500 | D:5      | Found a transporter.
  4500 | D:5      | Found a one-way gate to the infinite horrors of the Abyss.
  4500 | D:5      | Noticed Xororoh's ghost (novice OgFi)
  4505 | D:5      | Found a transporter.
  4642 | D:5      | Killed Xororoh's ghost
  4643 | D:5      | Reached skill level 8 in Armour
  4643 | D:5      | Reached XP level 9. HP: 17/78 MP: 2/8
  4804 | D:5      | Voluntarily entered the Abyss.
  4847 | Abyss:1  | Noticed a pearl dragon
  4855 | Abyss:1  | Killed from afar by a pearl dragon

Illustrated notes

Levels and vault maps discovered:
D:1:      minmay_arrival_stair_chambers, layout_basic,
          ebering_ecumenical_altar_petrified, serial_shops, shop,
          minmay_domino_2
D:2:      layout_loops_corners
D:3:      layout_basic, gup_sewer_entry_bowl, gammafunk_ghost_stat_death,
          uniq_natasha
D:4:      layout_basic, minmay_temple_entry_overgrown, minmay_ruptured,
          uniq_edmund, uniq_blork_the_orc, uniq_crazy_yiuf_cottage
D:5:      layout_basic, gammafunk_ghost_abyssal_escape, minivault_25
Abyss:1:  base: D:1, evilmike_abyss_exit_vortex

Skill      XL: |  1  2  3  4  5  6  7  8 |
---------------+-------------------------+-----
Fighting       | 4 5 6 |  6.4
Shields        | 4 5 6 7 |  7.2
Armour         | 4 5 6 8 |  8.0
Long Blades    | 3 |  3.8
Axes           | 2 4 |  4.8
Dodging        | 1 2 3 |  3.0
Maces & Flails | 3 6 |  6.6
Stealth        | |  0.4

Action                     |  1- 3 |  4- 6 |  7- 9 || total
---------------------------+-------+-------+-------++-------
  Melee: Long sword        |    64 |       |       ||    64
         Headbutt          |     8 |    14 |    23 ||    45
         Hand axe          |     5 |   114 |       ||   119
         Flail             |       |       |   111 ||   111
  Throw: Stone             |       |       |     1 ||     1
         Javelin           |       |       |     2 ||     2
    Use: Scroll            |       |     7 |     5 ||    12
         Potion            |       |       |     5 ||     5
 Armour: Scale mail        |    40 |    76 |       ||   116
         Chain mail        |       |       |    28 ||    28
  Dodge: Dodged            |    44 |    71 |    55 ||   170
  Block: Buckler           |    22 |    72 |    74 ||   168
